 Dungeon Crawl Stone Soup version 0.24.0-125-gc4c63601f3 (webtiles) character file.

Game seed: 14922183489174441961, levelgen mode: deterministic

151 Curus the Slasher (level 5, -2/42 HPs)
             Began as a Minotaur Gladiator on Feb 28, 2020.
             Slain by an iguana (13 damage)
             ... on level 3 of the Dungeon.
             The game lasted 00:09:04 (1747 turns).

Curus the Slasher (Minotaur Gladiator)              Turns: 1747, Time: 00:09:06

Health: -2/42      AC:  4    Str: 18    XL:     5   Next: 11%
Magic:  4/4        EV: 13    Int:  6    God:
Gold:   179        SH:  4    Dex: 12    Spells: 4/4 levels left

rFire    . . .     SeeInvis .   a - +1 long sword
rCold    . . .     Gourm    .   (no shield)
rNeg     . . .     Faith    .   b - +0 leather armour
rPois    .         Spirit   .   c - +1 hat
rElec    .         Reflect  +   (no cloak)
rCorr    .         Harm     .   (no gloves)
MR       .....                  (no boots)
Stlth    +.........             i - +4 amulet of reflection
HPRegen  0.14/turn              (no ring)
MPRegen  0.09/turn              (no ring)

@: no status effects
A: retaliatory headbutt, horns 2
a: no special abilities


You were on level 3 of the Dungeon.
You were not hungry.

You visited 1 branch of the dungeon, and saw 4 of its levels.

You collected 179 gold pieces.

Inventory:

Hand Weapons
 a - a +1 long sword (weapon)
Missiles
 d - 3 throwing nets (quivered)
Armour
 b - a +0 leather armour (worn)
 c - a +1 hat (worn)
Jewellery
 i - a +4 amulet of reflection (around neck)
Scrolls
 g - a scroll of identify
 h - a scroll of amnesia
 l - a scroll of remove curse
Potions
 e - 4 potions of ambrosia
Comestibles
 f - 6 rations


   Skills:
 - Level 2.4 Fighting
 + Level 7.1 Long Blades
 - Level 2.0 Throwing
 - Level 3.2 Dodging


You had 4 spell levels left.
You didn't know any spells.
Your spell library was empty.

Dungeon Overview and Level Annotations

Branches:
Dungeon (4/15)
 Temple: D:4-7

Altars:
Hepliaklqana
Ru


Innate Abilities, Weirdness & Mutations

You reflexively headbutt those who attack you in melee.
You have a pair of horns on your head.


Message History

The orc hits you with a +0 mace.
* * * LOW HITPOINT WARNING * * *
The orc barely misses you. The frilled lizard barely misses you.
You riposte.
You closely miss the frilled lizard.
The orc wizard hits you but does no damage.
The iguana closely misses you.
You riposte.
Your leather armour prevents you from hitting the iguana.
You headbutt the iguana.
The iguana is heavily wounded.
The orc misses you.
You climb upwards.
There is a stone staircase leading down here.
You hit the orc. Your headbutt misses the orc.
The orc is severely wounded.
The orc closely misses you. You furiously retaliate!
You headbutt the orc!
You kill the orc!
The frilled lizard bites you but does no damage.
The orc wizard barely misses you. You furiously retaliate!
You headbutt the orc wizard. The orc closely misses you. The iguana bites you!
You die...

...#.#
#.................#
...#.##
#.#......#........#
...#..#
#....#####......###
...##.# ###....#
####...# ...##.##
##.#(## #...#
...##..######((..#
#.#.#
..............##.#
#...#
###'###.......##o#
##### # #.#
#..รท.....)@#####
###.###.?......oll...#
'.._###..##+##.......#
###)###..##.#........#
# #.# #.....#......).#
###+###..............#
........#........#####
###.....)........#
####+#.##...#....#


You could see an iguana, an orc wizard, an orc and a frilled lizard.

Vanquished Creatures
  A worker ant (D:2)
  2 adders (D:3)
  An ooze (D:3)
  4 worms
  2 dart slugs
  2 leopard geckos (D:1)
  6 orcs
  2 ball pythons
  5 giant cockroaches
  5 goblins
  5 hobgoblins
  8 jackals
  6 kobolds
  3 quokkas (D:2)
  13 bats
  7 frilled lizards
  8 rats
80 creatures vanquished.

Notes
Turn   | Place    | Note
-------+----------+-------------------------------------------
     0 | D:1      | Curus the Minotaur Gladiator began the quest for the Orb.
     0 | D:1      | Reached XP level 1. HP: 18/18 MP: 0/0
    22 | D:1      | Reached skill level 4 in Long Blades
   130 | D:1      | Reached XP level 2. HP: 20/25 MP: 1/1
   217 | D:1      | Reached skill level 5 in Long Blades
   318 | D:1      | Reached XP level 3. HP: 29/30 MP: 2/2
  1076 | D:2      | Reached skill level 6 in Long Blades
  1076 | D:2      | Reached XP level 4. HP: 29/37 MP: 3/3
  1460 | D:3      | Found a hazy altar of Hepliaklqana.
  1628 | D:3      | Reached XP level 5. HP: 40/42 MP: 4/4
  1632 | D:3      | Reached skill level 7 in Long Blades
  1635 | D:3      | Found a sacrificial altar of Ru.
  1747 | D:3      | Slain by an iguana

Levels and vault maps discovered:
D:1:      dpeg_arrival_rooms_b, layout_basic
D:2:      layout_basic
D:3:      layout_basic, lemuel_doored_altar, lemuel_crystal_altar
D:4:      layout_basic, kennysheep_little_box, minmay_temple_entry_oklob,
          uniq_crazy_yiuf_cottage, uniq_ijyb

Skill      XL: |  1  2  3  4  5 |
---------------+----------------+-----
Long Blades    | 4 5 6 7 |  7.1
Fighting       | |  2.4
Throwing       | |  2.0
Dodging        | |  3.2

Action                   |  1- 3 |  4- 6 || total
-------------------------+-------+-------++-------
Melee: Long sword        |    75 |    47 ||   122
       Headbutt          |     8 |     6 ||    14
  Use: Scroll            |     5 |     4 ||     9
       Potion            |     2 |     2 ||     4
  Eat: Chunk             |     1 |     2 ||     3
Armor: Leather armour    |    23 |    13 ||    36
Dodge: Dodged            |    66 |    50 ||   116
Block: Other             |       |     7 ||     7
       Rpst.: Long sword |    20 |     9 ||    29
